 Dungeon Crawl Stone Soup version 0.27-a0-1188-g73eefd5def (webtiles) character file.

Game seed: 12598166908348794436

59 siradein the Vexing (level 3, 0/24 HPs)
             Began as a Vampire Enchanter on May 22, 2021.
             Slain by a kobold
             ... wielding a +3 vampiric short sword
              (5 damage)
             ... on level 3 of the Dungeon.
             The game lasted 00:05:41 (2060 turns).

siradein the Vexing (Vampire Enchanter)             Turns: 2060, Time: 00:05:41

Health: 0/24       AC:  3    Str:  7    XL:     3   Next: 78%
Magic:  14/15      EV: 11    Int: 17    God:
Gold:   106        SH:  0    Dex: 15    Spells: 2/6 levels left

rFire    . . .     SeeInvis +   a - +1 dagger
rCold    . . .     Faith    .   (no shield)
rNeg     . . .     Spirit   .   e - +0 leather armour
rPois    .         Reflect  .   (no helmet)
rElec    .         Harm     .   (no cloak)
rCorr    .         Rampage  .   (no gloves)
Will     .....                  (no boots)
Stlth    +++.......             (no amulet)
HPRegen  0.28/turn              b - ring of magical power
MPRegen  0.14/turn              (no ring)

@: healing quickly
A: alive, fangs 3, see invisible, vampiric 2
a: Exsanguinate


You were on level 3 of the Dungeon.
You visited 1 branch of the dungeon, and saw 3 of its levels.

You collected 106 gold pieces.

Inventory:

Hand Weapons
 a - a +1 dagger (weapon)
Missiles
 k - 7 datura-tipped darts
Armour
 e - a +0 leather armour (worn)
Jewellery
 b - a ring of magical power (left hand)
Wands
 j - a wand of iceblast (3)
Scrolls
 c - a scroll of enchant weapon {unknown}
 d - a scroll of teleportation {unknown}
 f - a scroll of enchant armour {unknown}
 g - 2 scrolls of identify {unknown}
 h - a scroll of torment {unknown}
 i - a scroll of amnesia {unknown}


   Skills:
 + Level 4.1 Short Blades
 - Level 2.1 Dodging
 - Level 4.4 Stealth
 - Level 2.0 Spellcasting
 - Level 4.4 Hexes


You had 2 spell levels left.
You knew the following spells:

 Your Spells              Type           Power      Damage    Failure   Level
a - Corona                Hex            17%        N/A       4%          1
b - Confusing Touch       Hex            16%        N/A       14%         3

Your spell library contained the following spells:

 Spells                   Type           Power      Damage    Failure   Level
 Ensorcelled Hibernation  Hex/Ice        18%        N/A       19%         2
 Tukima's Dance           Hex            16%        N/A       14%         3
 Dazzling Flash           Conj/Hex       18%        N/A       34%         3


Dungeon Overview and Level Annotations

Branches:
Dungeon (3/15)

Altars:


Innate Abilities, Weirdness & Mutations

Your natural rate of healing is accelerated.
You have razor-sharp teeth.
You have supernaturally acute eyesight. (SInv)
You are afflicted with vampirism and can become a bat while bloodless.


Message History

You hit the kobold but do no damage. Your bite misses the kobold.
The kobold hits you with a +3 vampiric short sword.
You miss the kobold.
The kobold hits you with a +3 vampiric short sword.
You hit the kobold.
The kobold is moderately wounded.
You hit the kobold but do no damage.
The kobold is moderately wounded.
The kobold barely misses you.
You hit the kobold but do no damage. You bite the kobold, but do no damage.
The kobold is moderately wounded.
The kobold hits you with a +3 vampiric short sword.
You hit the kobold but do no damage. Your bite misses the kobold.
The kobold is moderately wounded.
The kobold hits you with a +3 vampiric short sword.
The kobold draws strength from your wounds!
You are too injured to fight recklessly!
You are too injured to fight recklessly!
You are too injured to fight recklessly!
Aiming: Corona (safe; 4% risk of failure)
Press: ? - help, Q - select action, (/) - cycle Shift-Dir - straight line, f - kobold
Aim: a kobold, wielding a +3 vampiric short sword (chance to affect: 71%)
The kobold is outlined in light.
The kobold barely misses you.
You hit the kobold.
The kobold is heavily wounded.
The kobold hits you with a +3 vampiric short sword.
* * * LOW HITPOINT WARNING * * *
The kobold draws strength from your wounds!
You hit the kobold. Your bite misses the kobold.
The kobold is severely wounded.
You hit the kobold but do no damage.
The kobold is severely wounded.
The kobold hits you with a +3 vampiric short sword.
* * * LOW HITPOINT WARNING * * *
The kobold draws strength from your wounds!
You hit the kobold.
The kobold is moderately wounded.
The kobold hits you with a +3 vampiric short sword.
You die...

##########
#...@K...#
###.######.#
#.<.#
#......#
#...##.#
##..# # #...
#.### #.#


You could see a kobold (corona).

Vanquished Creatures
  2 adders (D:2)
  2 worms (D:2)
  A dart slug (D:1)
  3 endoplasms
  A giant cockroach (D:1)
  2 goblins (D:1)
  3 hobgoblins
  4 jackals (D:2)
  5 kobolds
  A quokka (D:1)
  4 bats
  2 frilled lizards
  4 rats
34 creatures vanquished.

Notes
Turn   | Place    | Note
-------+----------+-------------------------------------------
     0 | D:1      | siradein the Vampire Enchanter began the quest for the Orb.
     0 | D:1      | Reached XP level 1. HP: 13/13 MP: 3/3
   322 | D:1      | Reached XP level 2. HP: 14/19 MP: 5/5
   903 | D:2      | Gained mutation: You are afflicted with vampirism and can
                  | become a bat while bloodless. [Vampire growth]
   903 | D:2      | Reached XP level 3. HP: 18/24 MP: 6/6
  1040 | D:2      | Learned a level 3 spell: Confusing Touch
  1086 | D:2      | HP: 1/36 [poisoned by an adder]
  2060 | D:3      | Slain by a kobold

Illustrated notes

Levels and vault maps discovered:
D:1:      eino_arrival_tree_alley, layout_basic
D:2:      layout_loops_corners
D:3:      layout_loops_corners, uniq_crazy_yiuf_cottage, uniq_natasha,
          uniq_grinder, uniq_robin, uniq_terence

Skill      XL: |  1  2  3 |
---------------+----------+-----
Short Blades   | 2 3 4 |  4.1
Dodging        | |  2.1
Stealth        | |  4.4
Spellcasting   | |  2.0
Hexes          | |  4.4

Action                   || total
-------------------------++-------
Melee: Dagger            ||   178
       Bite              ||    13
 Cast: Corona            ||     7
  Use: Potion            ||     1
 Stab: Sleeping          ||    11
Armor: Robe              ||    23
Dodge: Dodged            ||    63

Table legend: (Time is in decaauts)
 A = Elapsed time spent in this place.
 B = Non-inter-level travel time spent in this place.
 C = Inter-level travel time spent in this place.
 D = Time resting spent in this place.
 E = Time spent auto-exploring this place.
 F = Levels seen in this place.
 G = Mean time per level.
                   A        B        C        D        E       F      G
               +--------+--------+--------+--------+--------+-----+--------+
         Total |   2030 |   1995 |     35 |     91 |   1525 |   3 |  676.7 |
       Dungeon |   2030 |   1995 |     35 |     91 |   1525 |   3 |  676.7 |
               +--------+--------+--------+--------+--------+-----+--------+

Top non-repeatable levels by time:
     D:2: 1223 daAuts
     D:1: 786 daAuts
     D:3: 19 daAuts
